 Dungeon Crawl Stone Soup version 0.27-a0-1101-ge311f74bc8 (webtiles) character file.

Game seed: 8167681066915333305

618 siradein the Slicer (level 7, -6/42 (51) HPs)
             Began as a Vampire Fighter on Apr 28, 2021.
             Mangled by a hell rat (10 damage)
             ... on level 4 of the Dungeon.
             The game lasted 00:16:30 (4139 turns).

siradein the Slicer (Vampire Fighter)               Turns: 4139, Time: 00:16:31

HP:   -6/42 (51)    AC: 13    Str: 22    XL:     7   Next: 21%
MP:   7/7           EV:  3    Int: 10    God:
Gold: 193           SH:  9    Dex: 15    Spells: 6/6 levels left

rFire    . . .     SeeInvis +   a - +0 rapier
rCold    . . .     Faith    .   c - +0 kite shield
rNeg     + . .     Spirit   .   u - +0 plate armour
rPois    .         Reflect  .   (no helmet)
rElec    .         Harm     .   n - +0 cloak
rCorr    .         Rampage  .   (no gloves)
Will     .....                  d - +0 pair of boots
Stlth    ..........             (no amulet)
HPRegen  0.34/turn              i - +6 ring of strength
MPRegen  0.10/turn              k - ring of positive energy

@: healing quickly, heavily drained
A: alive, fangs 3, see invisible, unbreathing 1, vampiric 2
a: Exsanguinate


You were on level 4 of the Dungeon.
You visited 1 branch of the dungeon, and saw 5 of its levels.

You collected 193 gold pieces.

Inventory:

Hand Weapons
 a - a +0 rapier (weapon)
Missiles
 r - 6 atropa-tipped darts (quivered)
Armour
 c - a +0 kite shield (worn)
 d - a +0 pair of boots (worn)
 n - a +0 cloak (worn)
 u - a +0 plate armour (worn)
Jewellery
 i - a +6 ring of strength (left hand)
 k - a ring of positive energy (right hand)
Wands
 t - a wand of charming (12)
Scrolls
 b - a scroll of brand weapon {unknown}
 f - a scroll of immolation {unknown}
 h - 2 scrolls of teleportation {unknown}
 o - a scroll of blinking {unknown}
 p - a scroll of silence {unknown}
 s - a scroll of vulnerability {unknown}
Potions
 e - a potion of flight
 g - 2 potions of resistance
 l - a potion of curing
 m - a potion of degeneration {unknown}
 q - a potion of lignification {unknown}


   Skills:
 - Level 2.6 Fighting
 + Level 8.9 Short Blades
 - Level 2.4 Armour
 - Level 2.6 Shields


You had 6 spell levels left.
You didn't know any spells.
Your spell library was empty.

Dungeon Overview and Level Annotations

Branches:
Dungeon (5/15)             Temple (0/1) D:4

Altars:
Nemelex Xobeh


Innate Abilities, Weirdness & Mutations

Your natural rate of healing is accelerated.
You have razor-sharp teeth.
You have supernaturally acute eyesight. (SInv)
You can survive without breathing.
You are afflicted with vampirism and can become a bat while bloodless.


Message History

You puncture the hell rat!
You bite the hell rat, but do no damage.
The hell rat is moderately wounded.
You block the hell rat's attack.
You hit the hell rat but do no damage.
The hell rat is moderately wounded.
The hell rat bites you. You partially resist.
You feel drained.
You hit the hell rat but do no damage.
The hell rat is moderately wounded.
The hell rat bites you but does no damage.
You hit the hell rat but do no damage.
The hell rat is moderately wounded.
The hell rat bites you. You partially resist.
You feel drained.
Your shield and plate armour prevent you from hitting the hell rat.
You bite the hell rat, but do no damage.
The hell rat is moderately wounded.
The hell rat bites you but does no damage.
You hit the hell rat but do no damage. Your bite misses the hell rat.
The hell rat is moderately wounded.
The hell rat bites you!
* * * LOW HITPOINT WARNING * * *
The hell rat bites you but does no damage.
You hit the hell rat.
The hell rat is severely wounded.
The hell rat bites you but does no damage.
You feel much better. The hell rat bites you!
You hit the hell rat but do no damage.
The hell rat is severely wounded.
The hell rat bites you! You partially resist.
You feel drained.
You barely miss the hell rat.
The hell rat is severely wounded.
The hell rat bites you!
* * * LOW HITPOINT WARNING * * *
You partially resist.
You feel drained.
* * * LOW HITPOINT WARNING * * *
You hit the hell rat but do no damage. Your bite misses the hell rat.
The hell rat is severely wounded.
You block the hell rat's attack. The hell rat bites you!
You die...

# #....# #...##........#
#. ###....#
##...##........# ##.
...#...# #8...⌠#........#
#..
......#####...##...)...##
#..
##......###...##>......#
#..
####....##...##.......#
##.. ####.#8...8#......##
#... ####...##r.....#
##.. # #.....@....## ##.
#### ###........# ##.#
...### #.......## ##..#
..>..# ##....### ##..##
.....# ##..## #..##
....## ##..## ##.## ....#
##..# ##.## ...## ##)##
####..### ..##
##.###.......###


You could see a hell rat.

Vanquished Creatures
  2 ogres
  A phantom (D:4)
  2 orc priests (D:4)
  A gnoll shaman (D:4)
  4 orc wizards
  8 gnolls (D:4)
  2 adders
  A dart slug (D:3)
  13 orcs
  3 endoplasms
  6 giant cockroaches
  2 goblins
  6 hobgoblins
  8 jackals
  4 quokkas
  3 ball pythons
  2 bats
  A frilled lizard (D:1)
  7 kobolds
  21 rats
97 creatures vanquished.

Notes
Turn   | Place    | Note
-------+----------+-------------------------------------------
     0 | D:1      | siradein the Vampire Fighter began the quest for the Orb.
     0 | D:1      | Reached XP level 1. HP: 17/17 MP: 1/1
     6 | D:1      | Noticed a killer bee
     6 | D:1      | Noticed a komodo dragon
     7 | D:1      | Noticed an anaconda
     7 | D:1      | Noticed a wolf
   191 | D:1      | You fall into a shaft and drop 1 floor!
   195 | D:2      | Reached skill level 3 in Short Blades
   197 | D:2      | You fall into a shaft and drop 1 floor!
   205 | D:3      | Reached XP level 2. HP: 20/23 MP: 2/2
   337 | D:3      | Found a faded altar of an unknown god.
   512 | D:1      | Gained mutation: You are afflicted with vampirism and can
                  | become a bat while bloodless. [Vampire growth]
   512 | D:1      | Reached XP level 3. HP: 28/28 MP: 3/3
   553 | D:1      | Reached skill level 4 in Short Blades
  1165 | D:2      | Found a sparkling altar of Nemelex Xobeh.
  1515 | D:2      | Reached XP level 4. HP: 34/34 MP: 4/4
  1892 | D:2      | Reached skill level 5 in Short Blades
  2300 | D:4      | Noticed an ogre
  2551 | D:4      | Noticed an ogre
  2560 | D:4      | Killed an ogre
  2561 | D:4      | Reached skill level 6 in Short Blades
  2561 | D:4      | Reached XP level 5. HP: 27/39 MP: 5/5
  2574 | D:3      | Killed an ogre
  2575 | D:3      | Reached skill level 7 in Short Blades
  2575 | D:3      | Reached XP level 6. HP: 35/46 MP: 6/6
  2622 | D:4      | Found a staircase to the Ecumenical Temple.
  2898 | D:4      | Reached skill level 8 in Short Blades
  3116 | D:4      | Reached XP level 7. HP: 44/51 MP: 7/7
  3990 | D:5      | Entered Level 5 of the Dungeon
  4139 | D:4      | Mangled by a hell rat

Illustrated notes

Levels and vault maps discovered:
D:1:      onia_arrival_zoo_common, layout_loops_ring
D:2:      layout_basic, basic_altar, minmay_rat_gold_closets
D:3:      layout_basic, basic_ecumenical_altar, corexii_item_surrounded_by_moat
D:4:      layout_cave_pods, minmay_temple_entry_poolview, corexii_hall_statues_i
D:5:      wander_guarded_unrand_ratskin, layout_loops_ring, trog_butcher_becter,
          corexii_item_surrounded_by_moat

Skill      XL: |  1  2  3  4  5  6 |
---------------+-------------------+-----
Short Blades   | 3 4 6 7 8 |  8.9
Fighting       | |  2.6
Armour         | |  2.4
Shields        | |  2.6

Action                   |  1- 3 |  4- 6 |  7- 9 || total
-------------------------+-------+-------+-------++-------
Melee: Rapier            |   139 |   119 |    72 ||   330
       Bite              |    15 |    15 |     8 ||    38
Throw: Dart              |       |     1 |       ||     1
  Use: Scroll            |     1 |       |     4 ||     5
       Potion            |       |     1 |     1 ||     2
Armor: Chain mail        |    56 |    92 |    10 ||   158
       Scale mail        |     3 |       |       ||     3
       Plate armour      |       |       |    20 ||    20
Dodge: Dodged            |    22 |    24 |     8 ||    54
Block: Kite shield       |    64 |    70 |    31 ||   165

Table legend: (Time is in decaauts)
 A = Elapsed time spent in this place.
 B = Non-inter-level travel time spent in this place.
 C = Inter-level travel time spent in this place.
 D = Time resting spent in this place.
 E = Time spent auto-exploring this place.
 F = Levels seen in this place.
 G = Mean time per level.
                   A        B        C        D        E       F      G
               +--------+--------+--------+--------+--------+-----+--------+
         Total |   4200 |   4137 |     63 |    229 |   2603 |   5 |  840.0 |
       Dungeon |   4200 |   4137 |     63 |    229 |   2603 |   5 |  840.0 |
               +--------+--------+--------+--------+--------+-----+--------+

Top non-repeatable levels by time:
     D:4: 1484 daAuts
     D:2: 989 daAuts
     D:1: 886 daAuts
     D:3: 704 daAuts
     D:5: 134 daAuts
